 Dungeon Crawl Stone Soup version 0.21-a0-510-g5070ee8bc0 (webtiles) character file.

49 Kaname the Magician (level 3, -1/24 HPs)
             Began as a Demonspawn Wizard on Dec 1, 2017.
             Slain by a worm (7 damage)
             ... on level 2 of the Dungeon.
             The game lasted 00:03:08 (1238 turns).

Kaname the Magician (Demonspawn Wizard)             Turns: 1238, Time: 00:03:09

Health: -1/24      AC:  2    Str:  7    XL:     3   Next: 53%
Magic:  0/7        EV: 12    Int: 20    God:
Gold:   50         SH:  0    Dex: 11    Spells: 2/8 levels left

rFire    . . .     SeeInvis .   e - +0 dagger (speed)
rCold    . . .     Gourm    .   (no shield)
rNeg     . . .     Faith    .   a - +0 robe
rPois    .         Spirit   .   b - +0 hat
rElec    .         Reflect  .   (no cloak)
rCorr    .         Harm     .   (no gloves)
MR       .....                  (no boots)
Stlth    ++........             (no amulet)
HPRegen  0.08/turn              (no ring)
MPRegen  0.10/turn              (no ring)

@: very slightly contaminated
A: claws 1
a: no special abilities


You were on level 2 of the Dungeon.
You were not hungry.

You visited 1 branch of the dungeon, and saw 2 of its levels.

You collected 50 gold pieces.

Inventory:

Hand Weapons
 e - a +0 dagger of speed (weapon)
Armour
 a - a +0 robe (worn)
 b - a +0 hat (worn)
Scrolls
 h - 2 scrolls of remove curse {unknown}
 l - a scroll of fog {unknown}
 m - a scroll of fear {unknown}
 n - 3 scrolls of magic mapping {unknown}
Potions
 g - a potion of brilliance {unknown}
 i - a potion of degeneration {unknown}
 k - a potion of curing {unknown}
Books
 c - a book of Minor Magic

   Spells                             Type                      Level
   a - Magic Dart                     Conjuration                  1
   b - Blink                          Translocation                2
   c - Call Imp                       Summoning                    2
   d - Slow                           Hexes                        2
   e - Conjure Flame                  Conjuration/Fire             3
   f - Mephitic Cloud                 Conjuration/Poison/Air       3
Comestibles
 d - 3 bread rations
 f - a royal jelly
 j - 5 chunks of flesh


   Skills:
 - Level 1.7 Dodging
 - Level 1.7 Stealth
 - Level 3.0 Spellcasting
 - Level 3.0 Conjurations
   Level 1.0 Summonings
 - Level 1.0 Translocations
 - Level 1.1 Air Magic
 + Level 0.4 Poison Magic


You had 2 spell levels left.
You knew the following spells:

 Your Spells              Type           Power        Failure   Level  Hunger
a - Magic Dart            Conj           ###.         4%          1    None
b - Blink                 Tloc           N/A          14%         2    ##.....
c - Mephitic Cloud        Conj/Pois/Air  #.......     22%         3    ###....


Dungeon Overview and Level Annotations

Branches:
Dungeon (2/15)

Altars:


Innate Abilities, Weirdness & Mutations

You have sharp fingernails.


Message History

Aim: a worm (severely wounded)
The magic dart hits the worm.
The worm is almost dead.
Unknown command.
The worm bites you!
You hit the worm.
The worm is almost dead.
You hit the worm but do no damage.
The worm is almost dead.
You barely miss the worm.
The worm is almost dead.
The worm bites you!
* * * LOW HITPOINT WARNING * * *
You are too injured to fight recklessly!
You hit the worm but do no damage.
The worm is almost dead.
You completely miss the worm.
The worm is almost dead.
The worm bites you!
You die...

#............>.
#####.####.#### #.# #.#
#.# #<# #.# #.# .
######.####.## ...####
#............#
.......####.####..####.###
#..)w@..# #..##.....#
#%.###### #..##.....# #..
#...<...... #..
#..##.....# #.#
#..##[....# #. ........###
#. .##### #. .. #.


You could see a worm.

Vanquished Creatures
  An adder (D:2)
  2 worms (D:2)
  2 dart slugs (D:1)
  2 giant cockroaches
  4 goblins
  3 hobgoblins (D:1)
  2 jackals (D:1)
  5 bats (D:1)
  2 frilled lizards
  3 kobolds (D:1)
  6 rats
32 creatures vanquished.

Notes
Turn   | Place    | Note
-------+----------+-------------------------------------------
     0 | D:1      | Kaname the Demonspawn Wizard began the quest for the Orb.
     0 | D:1      | Reached XP level 1. HP: 13/13 MP: 4/4
   167 | D:1      | Gained mutation: You have sharp fingernails. [demonic ancestry]
   167 | D:1      | Reached XP level 2. HP: 16/19 MP: 0/6
   438 | D:1      | Learned a level 2 spell: Blink
   776 | D:1      | Reached XP level 3. HP: 2/24 MP: 0/7
   942 | D:1      | Learned a level 3 spell: Mephitic Cloud
   953 | D:2      | Reached skill level 1 in Translocations
  1068 | D:2      | Reached skill level 1 in Air Magic
  1238 | D:2      | Slain by a worm

Vault maps used:
D:1:      saegor_arrival_simple_e
D:2:      okawaru_altar_gauntlet_db

Skill      XL: |  1  2  3 |
---------------+----------+-----
Conjurations   | 2 3 |  3.0
Translocations | 1 |  1.0
Air Magic      | 1 |  1.1
Dodging        | |  1.7
Stealth        | |  1.7
Spellcasting   | |  3.0
Summonings     | |  1.0
Poison Magic   | |  0.4

Action                   || total
-------------------------++-------
Melee: Dagger            ||    87
 Cast: Magic Dart        ||    71
  Eat: Chunk             ||     1
Armor: Robe              ||    14
Dodge: Dodged            ||    49

Table legend:
 A = Spawn XP
 B = Non-spawn XP
 C = Spawn XP percentage of total XP
 D = Spawn monster count
 E = Non-spawn monster count
 F = Spawn count percentage of total count
 G = Total turns spent on level
                    A         B        C        D         E        F      G
               +---------+---------+-------+---------+---------+-------+---------
         Total |       0 |      71 |   0.0 |       0 |      32 |   0.0 |  1238
               +---------+---------+-------+---------+---------+-------+---------
           D:1 |       0 |      41 |   0.0 |       0 |      25 |   0.0 |   951
           D:2 |       0 |      30 |   0.0 |       0 |       7 |   0.0 |   287
               +---------+---------+-------+---------+---------+-------+---------
